 Dungeon Crawl Stone Soup version 0.23.2-1-ga50397a (webtiles) character file.

Game seed: 5579359035543645995

728 FerrousOx the Chiller (level 7, -12/52 HPs)
             Began as a Merfolk Ice Elementalist on May 12, 2019.
             Was an Initiate of Yredelemnul.
             Shot with an arrow by a centaur (14 damage)
             ... on level 5 of the Dungeon.
             The game lasted 00:25:15 (5750 turns).

FerrousOx the Chiller (Merfolk Ice Elementalist)    Turns: 5750, Time: 00:25:16

Health: -12/52     AC:  3    Str:  9    XL:     7   Next: 72%
Magic:  1/14       EV: 15    Int: 16    God:    Yredelemnul [......]
Gold:   248        SH:  0    Dex: 14    Spells: 5/15 levels left

rFire    . . .     SeeInvis .   d - +1 whip
rCold    + . .     Gourm    .   (no shield)
rNeg     . . .     Faith    .   a - +1 robe
rPois    .         Spirit   .   (no helmet)
rElec    .         Reflect  .   (no cloak)
rCorr    .         Harm     .   (no gloves)
MR       .....                  (no boots)
Stlth    ++........             (no amulet)
HPRegen  0.17/turn              j - ring of protection from cold
MPRegen  0.14/turn              (no ring)

@: very slightly contaminated, lightly drained
A: change form in water, swift swim, stealthy swim
a: Renounce Religion


You were on level 5 of the Dungeon.
You worshipped Yredelemnul.
Yredelemnul was noncommittal.
You were hungry.

You visited 2 branches of the dungeon, and saw 6 of its levels.

You collected 248 gold pieces.

Inventory:

Hand Weapons
 d - a +1 whip (weapon)
Armour
 a - a +1 robe (worn)
 e - a +0 pair of gloves
Jewellery
 g - an uncursed amulet of harm
 j - a ring of protection from cold (left hand)
 n - an uncursed amulet of inaccuracy
Scrolls
 b - 3 scrolls of enchant armour
 h - a scroll of identify {unknown}
 i - a scroll of amnesia
 m - 2 scrolls of noise {unknown}
 q - a scroll of magic mapping
Potions
 f - a potion of flight
 k - a potion of heal wounds {unknown}
 l - a potion of lignification {unknown}
 o - a potion of invisibility {unknown}
Comestibles
 c - 8 rations


   Skills:
 * Level 3.5(3.4) Fighting
 - Level 0.1(0.0) Maces & Flails
 * Level 5.2(5.1) Dodging
 - Level 2.1 Stealth
 + Level 4.6 Spellcasting
 + Level 0.7(0.6) Conjurations
 + Level 0.2(0.1) Summonings
 + Level 6.0(5.9) Ice Magic


You had 5 spell levels left.
You knew the following spells:

 Your Spells              Type           Power        Failure   Level  Hunger
a - Freeze                Ice            ###.         1%          1    None
b - Throw Frost           Conj/Ice       ##....       6%          2    ##.....
c - Ozocubu's Armour      Chrm/Ice       ##......     14%         3    ###....
d - Summon Ice Beast      Ice/Summ       ##......     41%         4    ####...

Your spell library contained the following spells:

 Spells                   Type           Power        Failure   Level  Hunger
 Throw Icicle             Conj/Ice       ##......     38%         4    ####...


Dungeon Overview and Level Annotations

Branches:
Dungeon (5/15)             Temple (1/1) D:5

Altars:
Ashenzari
Cheibriados
Dithmenos
Elyvilon
Fedhas
Gozag
Kikubaaqudgha
Nemelex Xobeh
Okawaru
Qazlal
Ru
Sif Muna
Trog
Uskayaw
Vehumet
Wu Jian
Xom
Yredelemnul
The Shining One

Annotations:
D:2 Natasha


Message History

Multicoloured lights dance before your eyes!
The centaur shoots an arrow.
The arrow hits you!
That item cannot be evoked!
Okay, then.
You feel better.
The centaur shoots an arrow.
The arrow hits you!
* * * LOW HITPOINT WARNING * * *
The centaur shoots an arrow.
The arrow barely misses you.
Unknown command.
Unknown command.
You feel better.
The centaur shoots an arrow.
The arrow hits you!
* * * LOW HITPOINT WARNING * * *
The centaur shoots an arrow.
The arrow hits you!
* * * LOW HITPOINT WARNING * * *
You see here an arrow.
The centaur shoots an arrow.
The arrow hits you.
* * * LOW HITPOINT WARNING * * *
You see here an arrow.
The centaur shoots an arrow.
The arrow hits you!
You die...
Your body rises from the dead as a mindless zombie.

###.# #.#.. #.#
#.#.###### #.#
#[#.#...(# #.#
#.#.#(##.# ..#
#.#.#c(#(# ###
######.#.#((#.#
..........(..#.#
........#.#..#.#
#
#########@#..#.#
# #.#..#c# #
#.####.# # #..
... #.# #.# ..#
### ###


You could see a centaur.

Vanquished Creatures
  2 ogres (D:5)
  A bullfrog (D:3)
  2 scorpions (D:4)
  2 orc priests (D:3)
  2 centaur skeletons (D:5)
  A hound (D:4)
  An orc wizard (D:3)
  2 iguanas
  A worker ant (D:5)
  A hound skeleton (D:4)
  4 adders
  A shadow imp (D:5)
  An ooze (D:1)
  An adder skeleton (D:4)
  An adder zombie (D:5)
  A worm (D:3)
  2 dart slugs
  2 leopard geckos
  7 orcs
  A ball python (D:1)
  6 bats
  4 giant cockroaches
  6 goblins
  8 hobgoblins
  9 jackals
  3 quokkas
  3 frilled lizards
  A jackal skeleton (D:4)
  6 kobolds
  A leopard gecko skeleton (D:4)
  8 rats
91 creatures vanquished.

Notes
Turn   | Place    | Note
-------+----------+-------------------------------------------
     0 | D:1      | FerrousOx the Merfolk Ice Elementalist began the quest for
                  | the Orb.
     0 | D:1      | Reached XP level 1. HP: 13/13 MP: 3/3
   313 | D:1      | Reached XP level 2. HP: 17/20 MP: 0/5
   658 | D:1      | Reached skill level 1 in Fighting
   658 | D:1      | Reached XP level 3. HP: 21/26 MP: 4/6
  1284 | D:2      | Noticed Natasha
  1503 | D:2      | Reached skill level 4 in Ice Magic
  1752 | D:2      | Found a stormy altar of Qazlal.
  1752 | D:2      | Found a white marble altar of Elyvilon.
  1768 | D:2      | Reached XP level 4. HP: 31/32 MP: 4/8
  2121 | D:2      | Found a shadowy altar of Dithmenos.
  2328 | D:3      | Noticed a bullfrog
  2342 | D:3      | Killed a bullfrog
  2342 | D:3      | Reached XP level 5. HP: 38/38 MP: 4/9
  3442 | D:4      | Reached XP level 6. HP: 38/45 MP: 3/11
  3522 | D:4      | Reached skill level 5 in Ice Magic
  4434 | D:4      | Found a snail-covered altar of Cheibriados.
  4461 | D:4      | Reached XP level 7. HP: 48/52 MP: 7/13
  4754 | D:5      | Entered Level 5 of the Dungeon
  4933 | D:5      | Found a staircase to the Ecumenical Temple.
  4972 | Temple   | Entered the Ecumenical Temple
  5351 | Temple   | Became a worshipper of Yredelemnul the Dark
  5382 | Temple   | Learned a level 2 spell: Throw Frost
  5389 | Temple   | Learned a level 3 spell: Ozocubu's Armour
  5394 | Temple   | Learned a level 4 spell: Summon Ice Beast
  5570 | D:5      | Reached skill level 5 in Dodging
  5723 | D:5      | Reached skill level 6 in Ice Magic
  5748 | D:5      | HP: 2/52 [centaur/arrow (3)]
  5750 | D:5      | Shot with an arrow by a centaur

Skill      XL: |  1  2  3  4  5  6  7 |
---------------+----------------------+-----
Fighting       | 1 2 3 |  3.5
Ice Magic      | 4 5 6 |  6.0
Dodging        | 3 4 5 |  5.2
Spellcasting   | 3 4 |  4.6
Maces & Flails | |  0.1
Stealth        | |  2.1
Conjurations   | |  0.7
Summonings     | |  0.2

Action                   |  1- 3 |  4- 6 |  7- 9 || total
-------------------------+-------+-------+-------++-------
Melee: Unarmed           |     6 |       |       ||     6
       Whip              |    48 |    58 |    41 ||   147
 Cast: Freeze            |    40 |    91 |    36 ||   167
       Throw Frost       |       |       |     8 ||     8
       Summon Ice Beast  |       |       |     2 ||     2
       Ozocubu's Armour  |       |       |     1 ||     1
  Use: Scroll            |     7 |     4 |       ||    11
       Potion            |       |     2 |     4 ||     6
 Stab: Sleeping          |       |     1 |       ||     1
  Eat: Chunk             |     3 |     6 |     1 ||    10
       Ration            |       |     1 |     1 ||     2
Armor: Robe              |    12 |    27 |    14 ||    53
Dodge: Dodged            |    79 |   120 |    64 ||   263
